 Dungeon Crawl Stone Soup version 0.21-a0-352-g5b8f553 (webtiles) character file.

574 Ikkuss the Insei (level 7, -1/52 HPs)
             Began as a Gnoll Transmuter on Oct 11, 2017.
             Slain by Grinder (5 damage)
             ... on level 5 of the Dungeon.
             The game lasted 00:22:15 (4352 turns).

Ikkuss the Insei (Gnoll Transmuter)                 Turns: 4352, Time: 00:22:16

Health: -1/52      AC:  5    Str: 14    XL:     7   Next: 35%
Magic:  15/15      EV: 15    Int: 15    God:
Gold:   388        SH:  0    Dex: 16    Spells: 10/17 levels left

rFire    . . .     SeeInvis .   u - +0 trident
rCold    . . .     Gourm    .   (no shield)
rNeg     . . .     Faith    .   l - +1 leather armour
rPois    .         Spirit   .   (no helmet)
rElec    .         Reflect  .   (no cloak)
rCorr    .         Harm     .   s - +0 pair of gloves
MR       .....                  (no boots)
Stlth    ++........             j - amulet of regeneration
HPRegen  0.57/turn              (no ring)
MPRegen  0.14/turn              (no ring)

@: no status effects
A: distributed training, fangs 1, strong nose
a: no special abilities


You were on level 5 of the Dungeon.
You were not hungry.

You visited 1 branch of the dungeon, and saw 5 of its levels.

You collected 388 gold pieces.

Inventory:

Hand Weapons
 u - a +0 trident (weapon)
Missiles
 f - 4 arrows
Armour
 l - a +1 leather armour (worn)
 s - a +0 pair of gloves (worn)
Jewellery
 j - an amulet of regeneration (around neck)
 p - an uncursed ring of flight
Scrolls
 g - a scroll of remove curse
 t - a scroll of enchant armour
 v - a scroll of recharging
Potions
 b - 2 potions of mutation {unknown}
 e - a potion of invisibility {unknown}
 k - 2 potions of curing {unknown}
 m - a potion of flight {unknown}
 n - 3 potions of might
 o - a potion of agility
 q - a potion of degeneration {unknown}
 r - a potion of heal wounds {unknown}
Books
 c - a book of Changes

   Spells                             Type                      Level
   a - Beastly Appendage              Transmutation                1
   b - Sticks to Snakes               Transmutation                2
   c - Spider Form                    Transmutation/Poison         3
   d - Ice Form                       Ice/Transmutation            4
   e - Blade Hands                    Transmutation                5
Comestibles
 a - a chunk of flesh
 d - 6 bread rations
 h - 3 meat rations
 i - 3 royal jellies


   Skills:
 + Level 3.5 Fighting
 + Level 2.3 Short Blades
 + Level 2.3 Long Blades
 + Level 2.3 Axes
 + Level 2.3 Maces & Flails
 + Level 2.3 Polearms
 + Level 2.3 Staves
 + Level 2.3 Slings
 + Level 2.3 Bows
 + Level 2.3 Crossbows
 + Level 2.3 Throwing
 + Level 2.3 Armour
 + Level 5.2 Dodging
 + Level 2.3 Stealth
 + Level 2.3 Shields
 + Level 7.0 Unarmed Combat
 + Level 5.5 Spellcasting
 + Level 2.3 Conjurations
 + Level 2.3 Hexes
 + Level 2.3 Charms
 + Level 2.3 Summonings
 + Level 2.3 Necromancy
 + Level 2.3 Translocations
 + Level 5.2 Transmutations
 + Level 2.3 Fire Magic
 + Level 2.3 Ice Magic
 + Level 2.3 Air Magic
 + Level 2.3 Earth Magic
 + Level 2.3 Poison Magic
 + Level 2.3 Invocations
 + Level 2.3 Evocations


You had 10 spell levels left.
You knew the following spells:

 Your Spells              Type           Power        Failure   Level  Hunger
a - Beastly Appendage     Tmut           ###...       2%          1    None
b - Sticks to Snakes      Tmut           ###.....     3%          2    #......
c - Ice Form              Ice/Tmut       ###.....     36%         4    ####...


Dungeon Overview and Level Annotations

Branches:
Dungeon (5/15)
 Temple: D:4-7

Altars:
Ashenzari
Trog
Wu Jian
Xom
Yredelemnul

Annotations:
D:5 Eustachio, Grinder, Sigmund


Innate Abilities, Weirdness & Mutations

Your experience applies equally to all skills.
You have very sharp teeth.
Your uncanny sense of smell can sniff out nearby items.


Message History

Grinder is heavily wounded.
Grinder gestures at you.
You suddenly lose the ability to move!
Something hits you. Grinder hits you!
You writhe in agony.
Grinder gestures at you. You resist with significant effort.
Something hits you. Grinder gestures at you.
You resist with significant effort. Something hits you.
Grinder hits you but does no damage. Grinder hits you.
You writhe in agony.
* * * LOW HITPOINT WARNING * * *
Something hits you.
* * * LOW HITPOINT WARNING * * *
You can move again.
You hit Grinder.
Grinder is heavily wounded.
Grinder hits you!
* * * LOW HITPOINT WARNING * * *
You writhe in agony.
You die...

#...#.##.###.......... #.
####...#.##.......######
#. .......#.########.# #.
#####....# #.# #.
#.......## ###.### #.
#........# #.....# #.
##........#####)....###.
#.
........................#
#.
##...........##?@...###.#
#. #..............5S..#
#. #.
#...........##.#{#####.##
#. ######....## #[.#..
...# #. #....# #....#
#..# #. .>.. ####.# #..#
#. #.# ....# #..# #. #.#
#..# #..#######. #.#
#..####..........


You could see Grinder and a friendly ball python (paralysed).

Vanquished Creatures
  An ice beast (D:5)
  A centaur (D:3)
  A scorpion (D:4)
  A howler monkey (D:5)
  A crimson imp (D:2)
  2 orc priests (D:3)
  A jelly (D:5)
  An orc wizard (D:3)
  A worker ant (D:4)
  6 adders
  2 oozes
  2 worms (D:3)
  A dart slug (D:4)
  2 leopard geckos
  5 orcs
  8 bats
  3 giant cockroaches
  7 goblins
  3 hobgoblins
  7 jackals
  5 quokkas
  2 ball pythons
  3 frilled lizards
  A jackal zombie (D:5)
  8 kobolds
  8 rats
83 creatures vanquished.

Vanquished Creatures (collateral kills)
  2 adders (D:2)
  An adder skeleton (D:5)
  A hobgoblin (D:1)
  2 jackals
  A quokka (D:4)
  A ball python (D:3)
  2 bats
  2 frilled lizards
  5 goblins
  A kobold (D:1)
  3 rats
21 creatures vanquished.

Grand Total: 104 creatures vanquished

Notes
Turn   | Place    | Note
-------+----------+-------------------------------------------
     0 | D:1      | Ikkuss the Gnoll Transmuter began the quest for the Orb.
     0 | D:1      | Reached XP level 1. HP: 17/17 MP: 6/6
     4 | D:1      | Noticed a minotaur
     4 | D:1      | Noticed a vampire
     6 | D:1      | Noticed a halfling
     6 | D:1      | Noticed an octopode
     8 | D:1      | Noticed a gargoyle
     8 | D:1      | Noticed a merfolk
    10 | D:1      | Noticed a troll
    10 | D:1      | Noticed a human
    12 | D:1      | Noticed a naga
    12 | D:1      | Noticed a draconian
    14 | D:1      | Noticed a formicid
    14 | D:1      | Noticed a demonspawn
    16 | D:1      | Noticed a tengu
    16 | D:1      | Noticed a vine stalker
    19 | D:1      | Noticed an elf
    19 | D:1      | Noticed an ogre
    21 | D:1      | Noticed a spriggan
    21 | D:1      | Noticed a felid
    23 | D:1      | Noticed a centaur
    25 | D:1      | Noticed a ghoul
    27 | D:1      | Noticed a demigod
    27 | D:1      | Noticed a dwarf
   220 | D:1      | Reached XP level 2. HP: 16/23 MP: 5/7
   352 | D:1      | Learned a level 2 spell: Sticks to Snakes
   566 | D:1      | Reached XP level 3. HP: 27/28 MP: 1/9
   785 | D:1      | Reached skill level 5 in Spellcasting
  1154 | D:2      | Reached skill level 1 in Short Blades
  1154 | D:2      | Reached skill level 1 in Long Blades
  1154 | D:2      | Reached skill level 1 in Axes
  1154 | D:2      | Reached skill level 1 in Maces & Flails
  1154 | D:2      | Reached skill level 1 in Polearms
  1154 | D:2      | Reached skill level 1 in Staves
  1154 | D:2      | Reached skill level 1 in Slings
  1154 | D:2      | Reached skill level 1 in Bows
  1154 | D:2      | Reached skill level 1 in Crossbows
  1154 | D:2      | Reached skill level 1 in Throwing
  1154 | D:2      | Reached skill level 1 in Armour
  1154 | D:2      | Reached skill level 1 in Stealth
  1154 | D:2      | Reached skill level 1 in Shields
  1154 | D:2      | Reached skill level 1 in Conjurations
  1154 | D:2      | Reached skill level 1 in Hexes
  1154 | D:2      | Reached skill level 1 in Charms
  1154 | D:2      | Reached skill level 1 in Summonings
  1154 | D:2      | Reached skill level 1 in Necromancy
  1154 | D:2      | Reached skill level 1 in Translocations
  1154 | D:2      | Reached skill level 1 in Fire Magic
  1154 | D:2      | Reached skill level 1 in Ice Magic
  1154 | D:2      | Reached skill level 1 in Air Magic
  1154 | D:2      | Reached skill level 1 in Earth Magic
  1154 | D:2      | Reached skill level 1 in Poison Magic
  1154 | D:2      | Reached skill level 1 in Invocations
  1154 | D:2      | Reached skill level 1 in Evocations
  1155 | D:2      | Reached XP level 4. HP: 34/34 MP: 6/11
  1727 | D:2      | Found a shimmering altar of Xom.
  1918 | D:3      | Reached XP level 5. HP: 34/40 MP: 6/12
  2484 | D:3      | Found a bloodstained altar of Trog.
  2542 | D:3      | Learned a level 4 spell: Ice Form
  2670 | D:3      | Noticed a centaur
  2683 | D:3      | Killed a centaur
  2683 | D:3      | Reached XP level 6. HP: 24/47 MP: 11/13
  3007 | D:3      | Reached skill level 5 in Dodging
  3007 | D:3      | Reached skill level 5 in Transmutations
  3649 | D:4      | Found a shattered altar of Ashenzari.
  3723 | D:4      | Found an ornate altar of the Wu Jian Council.
  3771 | D:4      | Noticed an eye of draining
  3872 | D:5      | Entered Level 5 of the Dungeon
  3997 | D:5      | Noticed Eustachio
  4078 | D:5      | Reached XP level 7. HP: 48/52 MP: 13/15
  4140 | D:5      | Reached skill level 7 in Unarmed Combat
  4149 | D:5      | Found a basalt altar of Yredelemnul.
  4334 | D:5      | Noticed Grinder
  4335 | D:5      | Paralysed by Grinder for 5 turns
  4338 | D:5      | Noticed Sigmund
  4346 | D:5      | Paralysed by Grinder for 6 turns
  4352 | D:5      | Slain by Grinder

Vault maps used:
D:1:      kb_arrival_jail
D:2:      tgw_xom, roderic_malta_cross
D:3:      trog_butcher_becter
D:4:      trog_eyes_of_draining, ashenzari_altar_1, old_standard_altar,
          first_bread, minmay_misc_feat_chi, uniq_ijyb
D:5:      basic_altar, uniq_edmund, uniq_sigmund, uniq_grinder, uniq_eustachio

Skill      XL: |  1  2  3  4  5  6  7 |
---------------+----------------------+-----
Spellcasting   | 5 |  5.5
Short Blades   | 1 2 |  2.3
Long Blades    | 1 2 |  2.3
Axes           | 1 2 |  2.3
Maces & Flails | 1 2 |  2.3
Polearms       | 1 2 |  2.3
Staves         | 1 2 |  2.3
Slings         | 1 2 |  2.3
Bows           | 1 2 |  2.3
Crossbows      | 1 2 |  2.3
Throwing       | 1 2 |  2.3
Armour         | 1 2 |  2.3
Stealth        | 1 2 |  2.3
Shields        | 1 2 |  2.3
Conjurations   | 1 2 |  2.3
Hexes          | 1 2 |  2.3
Charms         | 1 2 |  2.3
Summonings     | 1 2 |  2.3
Necromancy     | 1 2 |  2.3
Translocations | 1 2 |  2.3
Fire Magic     | 1 2 |  2.3
Ice Magic      | 1 2 |  2.3
Air Magic      | 1 2 |  2.3
Earth Magic    | 1 2 |  2.3
Poison Magic   | 1 2 |  2.3
Invocations    | 1 2 |  2.3
Evocations     | 1 2 |  2.3
Fighting       | 3 |  3.5
Dodging        | 5 |  5.2
Transmutations | 5 |  5.2
Unarmed Combat | 7 |  7.0

Action                   |  1- 3 |  4- 6 |  7- 9 || total
-------------------------+-------+-------+-------++-------
Melee: Unarmed           |    64 |    38 |       ||   102
       Kick              |     3 |    13 |     2 ||    18
       Bite              |     4 |    14 |     4 ||    22
       Punch             |     1 |     5 |       ||     6
       Headbutt          |       |    15 |       ||    15
       Spear             |       |   105 |       ||   105
       Trident           |       |    22 |    22 ||    44
 Cast: Beastly Appendage |    19 |    39 |     2 ||    60
       Sticks to Snakes  |    18 |    42 |     4 ||    64
  Use: Scroll            |     3 |     7 |     1 ||    11
       Potion            |       |       |     1 ||     1
 Stab: Distracted        |     1 |     1 |       ||     2
  Eat: Chunk             |     1 |     8 |       ||     9
       Bread ration      |       |     1 |       ||     1
Armor: Robe              |     9 |       |       ||     9
       Leather armour    |     2 |    19 |     5 ||    26
Dodge: Dodged            |    50 |   107 |    15 ||   172

Table legend:
 A = Spawn XP
 B = Non-spawn XP
 C = Spawn XP percentage of total XP
 D = Spawn monster count
 E = Non-spawn monster count
 F = Spawn count percentage of total count
 G = Total turns spent on level
                    A         B        C        D         E        F      G
               +---------+---------+-------+---------+---------+-------+---------
         Total |       0 |     821 |   0.0 |       0 |     104 |   0.0 |  4352
               +---------+---------+-------+---------+---------+-------+---------
           D:1 |       0 |      42 |   0.0 |       0 |      26 |   0.0 |   957
           D:2 |       0 |     119 |   0.0 |       0 |      20 |   0.0 |   996
           D:3 |       0 |     306 |   0.0 |       0 |      38 |   0.0 |  1152
           D:4 |       0 |     115 |   0.0 |       0 |      11 |   0.0 |   767
           D:5 |       0 |     239 |   0.0 |       0 |       9 |   0.0 |   480
               +---------+---------+-------+---------+---------+-------+---------
